 Dungeon Crawl Stone Soup version 0.28.0-45-g0d030f2227 (webtiles) character file.

Game seed: 17497838144299854781

136 Peloso the Covered (level 4, -1/41 HPs)
             Began as a Minotaur Fighter on Apr 16, 2022.
             Slain by Terence
             ... wielding a +0 short sword of venom
              (3 damage)
             ... on level 3 of the Dungeon.
             The game lasted 00:03:28 (2018 turns).

Peloso the Covered (Minotaur Fighter)               Turns: 2018, Time: 00:03:29

Health: -1/41      AC:  8    Str: 20    XL:     4   Next: 98%
Magic:  3/3        EV:  9    Int:  5    God:
Gold:   101        SH:  5    Dex: 12    Spells: 3/3 levels left

rFire   . . .      SeeInvis .   a - +0 long sword
rCold   . . .      Faith    .   c - +0 buckler
rNeg    . . .      Spirit   .   b - +1 scale mail
rPois   .          Reflect  .   (helmet restricted)
rElec   .          Harm     .   (no cloak)
rCorr   .          Rampage  .   (no gloves)
Will    .....                   (no boots)
Stlth   ..........              h - amulet of regeneration
HPRegen 0.93/turn               (no ring)
MPRegen 0.08/turn               (no ring)

@: lethally poisoned (-1 -> -7)
A: horns 2, retaliatory headbutt
a: no special abilities


You were on level 3 of the Dungeon.
You visited 1 branch of the dungeon, and saw 3 of its levels.

You collected 101 gold pieces.

Inventory:

Hand Weapons
 a - a +0 long sword (weapon)
Armour
 b - a +1 scale mail (worn)
 c - a +0 buckler (worn)
Jewellery
 e - an amulet of faith
 h - an amulet of regeneration (around neck)
Scrolls
 g - a scroll of enchant armour
Potions
 d - a potion of might
 f - a potion of haste
 i - 3 potions of brilliance


   Skills:
 + Level 4.4 Fighting
 + Level 4.1 Long Blades
 + Level 4.9 Armour
 + Level 0.6 Dodging
 + Level 4.0 Shields


You had 3 spell levels left.
You didn't know any spells.
Your spell library contained the following spells:

 Spells                   Type           Power      Damage    Failure   Level
 Call Canine Familiar     Summ           0%         N/A       99%         3
 Portal Projectile        Hex/Tloc       0%         N/A       99%         3
 Leda's Liquefaction      Hex/Erth       0%         N/A       100%        4


Dungeon Overview and Level Annotations

Branches:
Dungeon (3/15)

Altars:
Vehumet
Xom
Yredelemnul

Annotations:
D:2 Sigmund
D:3 Terence


Innate Abilities, Weirdness & Mutations

You have a pair of horns on your head.
You reflexively headbutt those who attack you in melee.


Message History

You kill the jackal!
The frilled lizard bites you but does no damage.
You see here an adder corpse.
You miss the frilled lizard. The frilled lizard closely misses you.
You miss the frilled lizard. You headbutt the frilled lizard.
You kill the frilled lizard!
Terence hits you but does no damage.
You are poisoned.
Terence hits you with a +0 short sword of venom.
You are more poisoned.
You feel very sick.
Terence hits you with a +0 short sword of venom.
You are more poisoned.
You see here a frilled lizard corpse.
You hit Terence but do no damage.
You feel extremely sick. You block Terence's attack.
You barely miss Terence. You headbutt Terence!
Terence is moderately wounded.
You feel extremely sick.
Terence shouts, "DIE!!!"
Terence hits you but does no damage.
You are lethally poisoned!
You hit Terence but do no damage. Your headbutt misses Terence.
Terence is moderately wounded.
* * * LOW HITPOINT WARNING * * *
You feel extremely sick. Terence closely misses you.
You completely miss Terence. You headbutt Terence.
Terence is heavily wounded.
* * * LOW HITPOINT WARNING * * *
You feel very sick. You block Terence's attack.
You barely miss Terence.
Terence is heavily wounded.
* * * LOW HITPOINT WARNING * * *
You feel very sick. You block Terence's attack.
Terence hits you with a +0 short sword of venom.
You die...

..... ##...# .... #.
.._.. ..... .#. #...
..... #... ... #.....
...). #.# .....
#....##.##..#
.......@@...#
##.#...†..#.#. ##.
#..#.#.#.#. ..#
#..#.#.#.#.####.# #
+.....#.#.#........###
####..#.#.#......#....
#..#.#.#..........
#..#......###.#.###
##.<#.#.#........#..


You could see Terence.

Vanquished Creatures
  Jessica (D:2)
  3 adders
  3 dart slugs
  An orc (D:3)
  8 ball pythons
  9 endoplasms
  A giant cockroach (D:3)
  A goblin (D:2)
  4 hobgoblins
  10 jackals
  3 quokkas (D:1)
  6 bats
  5 frilled lizards
  9 kobolds
  8 rats
72 creatures vanquished.

Vanquished Creatures (others)
  2 dart slugs (D:3)
  A ball python (D:3)
  An endoplasm (D:3)
  A giant cockroach (D:3)
  A frilled lizard (D:3)
  A rat (D:3)
7 creatures vanquished.

Grand Total: 79 creatures vanquished

Notes
Turn   | Place    | Note
-------+----------+-------------------------------------------
     0 | D:1      | Peloso the Minotaur Fighter began the quest for the Orb.
     0 | D:1      | Reached XP level 1. HP: 19/19 MP: 0/0
   122 | D:1      | Reached XP level 2. HP: 24/27 MP: 1/1
   678 | D:1      | Reached XP level 3. HP: 14/33 MP: 2/2
  1002 | D:1      | Found a faded altar of an unknown god.
  1516 | D:2      | Noticed Jessica
  1520 | D:2      | Killed Jessica
  1521 | D:2      | Reached XP level 4. HP: 40/40 MP: 3/3
  1618 | D:2      | Found a radiant altar of Vehumet.
  1619 | D:2      | Noticed Sigmund
  1775 | D:3      | Found a shimmering altar of Xom.
  2000 | D:3      | Found a basalt altar of Yredelemnul.
  2006 | D:3      | Noticed Terence
  2018 | D:3      | HP: 2/41 [poisoned by Terence]
  2018 | D:3      | Slain by Terence

Illustrated notes

Levels and vault maps discovered:
D:1:      elethiomel_arrival_infinity_welcomes_careful_drivers,
          layout_loops_corners, chequers_ecumenical_altar_island
D:2:      layout_loops_ring, basic_altar, uniq_sigmund, uniq_jessica
D:3:      lemuel_castle_with_subvaults [lemuel_castle_interior_carwin_3],
          layout_basic, xom_confusion_cloud,
          mainiacjoe_overflow_small_starburst, uniq_terence

Skill      XL: |  1  2  3  4 |
---------------+-------------+-----
Armour         | 4 |  4.9
Fighting       | 4 |  4.4
Long Blades    | 3 4 |  4.1
Shields        | 4 |  4.0
Dodging        | |  0.6

Action                   |  1- 3 |  4- 6 || total
-------------------------+-------+-------++-------
Melee: Long sword        |    96 |    41 ||   137
       Headbutt          |    12 |     6 ||    18
  Use: Scroll            |     2 |       ||     2
       Potion            |     1 |       ||     1
Armor: Scale mail        |    46 |    25 ||    71
Dodge: Dodged            |    41 |    33 ||    74
Block: Buckler           |    27 |    15 ||    42
